 Dungeon Crawl Stone Soup version 0.30-a0-613-gdd512c7efb (webtiles) character file.

Game seed: 7607087834803995901

158 wormed the Caller (level 5, -2/28 HPs)
             Began as a Deep Elf Summoner on Jan 9, 2023.
             Slain by a gnoll
             ... wielding a +0 whip
              (8 damage)
             ... on level 2 of the Dungeon.
             The game lasted 00:04:50 (2230 turns).

wormed the Caller (Deep Elf Summoner)               Turns: 2230, Time: 00:04:50

Health: -2/28      AC:  3    Str:  5    XL:     5   Next: 16%
Magic:  5/14       EV: 13    Int: 22    God:
Gold:   98         SH:  0    Dex: 15    Spells: 9/13 levels left

rFire   . . .      SeeInvis .    (no weapon)
rCold   . . .      Faith    .    (no shield)
rNeg    . . .      Spirit   .    a - +0 robe
rPois   .          Reflect  .    g - +0 helmet
rElec   .          Harm     .    (no cloak)
rCorr   +          Rampage  .    (no gloves)
Will    .....                    (no boots)
Stlth   ++                       (no amulet)
HPRegen 0.24/turn                e - ring of resist corrosion
MPRegen 0.14/turn                (no ring)

@: no status effects
A: no striking features
a: no special abilities


You were on level 2 of the Dungeon.
You visited 1 branch of the dungeon, and saw 3 of its levels.

You collected 98 gold pieces.

Inventory:

Armour
 a - a +0 robe (worn)
 g - a +0 helmet (worn)
Magical Staves
 m - a staff of cold
Jewellery
 e - a ring of resist corrosion (left hand)
Wands
 h - a wand of polymorph (7)
Scrolls
 f - 2 scrolls of poison
 i - a scroll of fog {unknown}
 j - a scroll of identify
 l - a scroll of noise {unknown}
Potions
 b - 2 potions of magic
 c - 3 potions of curing
 d - a potion of cancellation {unknown}
 k - a potion of mutation {unknown}
 n - a potion of brilliance {unknown}


   Skills:
 + Level 0.8 Fighting
 + Level 3.2 Dodging
 - Level 2.4 Stealth
 + Level 4.7 Spellcasting
 * Level 2.3 Hexes
 + Level 5.4 Summonings


You had 9 spell levels left.
You knew the following spells:

 Your Spells              Type           Power      Damage    Failure   Level
a - Summon Small Mammal   Summ           100%       N/A       1%          1
b - Call Canine Familiar  Summ           29%        N/A       3%          3

Your spell library contained the following spells:

 Spells                   Type           Power      Damage    Failure   Level
 Call Imp                 Summ           29%        N/A       1%          2
 Summon Guardian Golem    Hex/Summ       22%        N/A       6%          3
 Summon Lightning Spire   Summ/Air       17%        N/A       34%         4


Dungeon Overview and Level Annotations

Branches:
Dungeon (3/15)

Altars:
Trog

Annotations:
D:3 3 runed translucent doors, bande's ghost, weakling GrFi


Message History

Casting: Call Canine Familiar (dangerous; 3% risk of failure)
Confirm with . or Enter, or press ? or * to list all spells.
Your hound bites the gnoll but does no damage.
You swap places.
Your bat closely misses the gnoll.
Your hound bites the gnoll.
The gnoll dies!
Your hound bites the gnoll but does no damage.
Your bat hits the gnoll.
Your hound bites the gnoll but does no damage.
Casting: Summon Small Mammal (safe; 1% risk of failure)
Confirm with . or Enter, or press ? or * to list all spells.
Your hound closely misses the gnoll.
Your bat barely misses the gnoll.
Your hound barely misses the gnoll.
The gnoll attacks as you move away! The gnoll hits you with a +0 whip.
Your bat barely misses the gnoll.
Your quokka barely misses the gnoll.
Your bat hits the gnoll but does no damage.
The gnoll attacks as you move away! The gnoll hits you with a +0 whip.
Your bat hits the gnoll but does no damage.
The gnoll attacks as you move away! The gnoll hits you with a +0 whip.
Your hound bites the gnoll.
Your bat hits the gnoll. The gnoll attacks as you move away!
The gnoll closely misses you.
Your hound barely misses the gnoll.
There is a stone staircase leading up here.
The gnoll hits you with a +0 whip.
* * * LOW HITPOINT WARNING * * *
You climb upwards.
There is a stone staircase leading down here.
Casting: Summon Small Mammal (safe; 1% risk of failure)
Confirm with . or Enter, or press ? or * to list all spells.
The gnoll misses you.
You swap places.
The gnoll hits you with a +0 whip.
* * * LOW HITPOINT WARNING * * *
Your rat closely misses the gnoll.
Casting: Summon Small Mammal (safe; 1% risk of failure)
Confirm with . or Enter, or press ? or * to list all spells.
The gnoll hits you but does no damage.
Your rat bites the gnoll.
Casting: Summon Small Mammal (safe; 1% risk of failure)
Confirm with . or Enter, or press ? or * to list all spells.
Your quokka bites the gnoll.
Your rat bites the gnoll.
The gnoll hits you with a +0 whip!
You die...

#.######.## #.#
#.# #.# #.#
################.#
#>#
h..............#.#
#.#
##############.#.#
#.#
.#############r#.#
#.#
......)).......gr#
#.#
)#.###########.#@#
#.# .#.#
#.#.######.## ...#
#.h.........# ..##
###.######### .##
###.# ## ####...#
# ##....###
#.<#### #####.##


You could see a gnoll (ally target), a friendly hound (summoned), a friendly
quokka (summoned) and a friendly rat (summoned).

Vanquished Creatures
  A bat (D:1)
  A ball python (D:3)
2 creatures vanquished.

Vanquished Creatures (collateral kills)
  Jessica (D:2)
  An iguana (D:2)
  5 gnolls
  An adder (D:3)
  A dart slug (D:2)
  An orc (D:3)
  A bat (D:3)
  6 endoplasms
  2 giant cockroaches
  4 goblins
  3 hobgoblins
  3 quokkas
  2 ball pythons (D:2)
  2 frilled lizards (D:1)
  6 kobolds
  5 rats
44 creatures vanquished.

Grand Total: 46 creatures vanquished

Notes
Turn   | Place    | Note
-------+----------+-------------------------------------------
     0 | D:1      | wormed the Deep Elf Summoner began the quest for the Orb.
     0 | D:1      | Reached XP level 1. HP: 10/10 MP: 6/6
   208 | D:1      | Reached XP level 2. HP: 11/15 MP: 6/8
   540 | D:1      | You fall into a shaft and drop 1 floor!
   552 | D:2      | Noticed Jessica
   578 | D:2      | Killed Jessica
   579 | D:2      | Reached skill level 5 in Summonings
   579 | D:2      | Reached XP level 3. HP: 3/19 MP: 6/10
   583 | D:2      | Learned a level 3 spell: Call Canine Familiar
   797 | D:2      | Reached skill level 1 in Hexes
   797 | D:2      | Reached XP level 4. HP: 16/24 MP: 7/12
  1916 | D:3      | Found a runed translucent gate.
  1916 | D:3      | Found a runed translucent gate.
  1916 | D:3      | Found a runed translucent gate.
  1921 | D:3      | Noticed bande's ghost (weakling GrFi)
  1984 | D:3      | Found a bloodstained altar of Trog.
  2210 | D:3      | Reached XP level 5. HP: 21/28 MP: 9/14
  2230 | D:2      | Slain by a gnoll

Illustrated notes

Levels and vault maps discovered:
D:1:      amcnicky_arrival_flooded_fountain, layout_loops_ring
D:2:      layout_basic, kennysheep_jessica_study
D:3:      layout_basic, jmf_multi_god_temple2, mainiacjoe_overflow_chevrons,
          ebering_ghost_rock_garden, uniq_robin

Skill      XL: |  1  2  3  4 |
---------------+-------------+-----
Spellcasting   | 4 |  4.7
Summonings     | 5 |  5.4
Hexes          | 1 2 |  2.3
Dodging        | 3 |  3.2
Fighting       | |  0.8
Stealth        | |  2.4

Action                   |  1- 3 |  4- 6 || total
-------------------------+-------+-------++-------
Melee: Unarmed           |    12 |     6 ||    18
 Cast: Summon Small Mamm |    26 |    12 ||    38
       Call Canine Famil |     2 |    12 ||    14
  Use: Scroll            |       |     4 ||     4
Armor: Robe              |    10 |     2 ||    12
Dodge: Dodged            |    24 |    18 ||    42

Table legend: (Time is in decaauts)
 A = Elapsed time spent in this place.
 B = Non-inter-level travel time spent in this place.
 C = Inter-level travel time spent in this place.
 D = Time resting spent in this place.
 E = Time spent auto-exploring this place.
 F = Levels seen in this place.
 G = Mean time per level.
                   A        B        C        D        E       F      G
               +--------+--------+--------+--------+--------+-----+--------+
         Total |   2229 |   2182 |     47 |    100 |   1553 |   3 |  743.0 |
       Dungeon |   2229 |   2182 |     47 |    100 |   1553 |   3 |  743.0 |
               +--------+--------+--------+--------+--------+-----+--------+

Top non-repeatable levels by time:
     D:2: 1255 daAuts
     D:1: 540 daAuts
     D:3: 433 daAuts
